 Dungeon Crawl Stone Soup version 0.24.0-13-gcf9b3192b9 (webtiles) character file.

Game seed: 12963800424075217479, levelgen mode: deterministic

9604 Curus the Severer (level 11, 0/90 HPs)
             Began as a Hill Orc Abyssal Knight on Nov 8, 2019.
             Was a High Priest of Lugonu.
             Slain by an ice beast (11 damage)
             ... on level 9 of the Dungeon.
             The game lasted 00:55:45 (9076 turns).

Curus the Severer (Hill Orc Abyssal Knight)         Turns: 9076, Time: 00:55:45

Health: 0/90       AC: 20    Str: 16    XL:     11   Next: 49%
Magic:  21/21      EV:  7    Int: 16    God:    Lugonu [*****.]
Gold:   220        SH:  0    Dex: 13    Spells: 10/10 levels left

rFire    . . .     SeeInvis .   x - +4 battleaxe
rCold    . . .     Gourm    .   (shield currently unavailable)
rNeg     . . .     Faith    .   p - +0 chain mail
rPois    +         Spirit   .   r - +1 helmet
rElec    .         Reflect  .   e - +2 cloak
rCorr    .         Harm     .   u - +1 pair of gloves
MR       .....                  q - +2 pair of boots
Stlth    ..........             (no amulet)
HPRegen  0.25/turn              y - ring "Umiuclig" {rPois Int+4}
MPRegen  0.17/turn              n - +2 ring of slaying

@: slowed, very slow
A: talons 1, mutation resistance 1, robust 1, shaggy fur 1
a: Depart the Abyss, Bend Space, Banish, Corrupt, Enter the Abyss, Renounce
Religion


You were on level 9 of the Dungeon.
You worshipped Lugonu.
Lugonu was extremely pleased with you.
You were hungry.

You visited 1 branch of the dungeon, and saw 10 of its levels.
You visited the Abyss 1 time.

You collected 609 gold pieces.
You spent 389 gold pieces at shops.

Inventory:

Hand Weapons
 a - a +3 hand axe
 x - a +4 battleaxe (weapon)
 C - a +3 hand axe
Armour
 b - a +0 leather armour
 e - a +2 cloak (worn)
 i - a +0 scale mail
 m - the +6 scale mail "Teluyq" {rCorr Int+2}
   (You found it on level 4 of the Dungeon)

   It affects your intelligence (+2).
   It provides partial protection from all sources of acid and corrosion.
 p - a +0 chain mail (worn)
 q - a +2 pair of boots (worn)
 r - a +1 helmet (worn)
 u - a +1 pair of gloves (worn)
Jewellery
 f - a +4 ring of evasion
 n - a +2 ring of slaying (right hand)
 o - the ring of the Original Sin {Fire Int+4}
   (You bought it in a shop on level 5 of the Dungeon)

   [ring of fire]

   It enhances your fire magic.
   It affects your intelligence (+4).
   It protects you from fire.
   It makes you vulnerable to cold.
 v - a +2 ring of strength
 y - the ring "Umiuclig" (left hand) {rPois Int+4}
   (You found it on level 6 of the Dungeon)

   [ring of intelligence]

   It affects your intelligence (+4).
   It protects you from poison.
 F - an uncursed amulet of guardian spirit
Wands
 k - a wand of iceblast (11)
 l - a wand of acid (15)
 w - a wand of paralysis (6)
 z - a wand of polymorph (9)
 B - a wand of clouds (5)
 E - a wand of flame (22)
Scrolls
 g - 10 scrolls of identify
 h - 6 scrolls of teleportation
 j - 4 scrolls of remove curse
 t - 3 scrolls of magic mapping
 I - 2 scrolls of enchant weapon
 J - a scroll of amnesia
 K - a scroll of enchant armour
Potions
 d - a potion of agility
 s - 2 potions of brilliance
 A - a potion of magic
 D - a potion of ambrosia
 G - 2 potions of flight
 H - 2 potions of curing
Comestibles
 c - 10 rations


   Skills:
 - Level 3.6 Fighting
 * Level 17.3 Axes
 - Level 2.1 Armour
 - Level 0.7 Dodging
 - Level 13.3 Invocations


You had 10 spell levels left.
You didn't know any spells.
Your spell library contained the following spells:

 Spells                   Type           Power        Failure   Level  Hunger
 Sandblast                Erth           #.....       99%         1    ##.....
 Sting                    Conj/Pois      #...         99%         1    ##.....
 Passwall                 Tmut/Erth      #.......     100%        2    ###....
 Poisonous Vapours        Pois/Air       #.....       100%        2    ###....
 Mephitic Cloud           Conj/Pois/Air  #.......     100%        3    ####...
 Stone Arrow              Conj/Erth      #.....       100%        3    ####...
 Olgreb's Toxic Radiance  Pois           #.......     100%        4    #####..
 Petrify                  Tmut/Erth      #.......     100%        4    #####..
 Lee's Rapid Deconstruct  Erth           #.........   100%        5    ######.
 Venom Bolt               Conj/Pois      #.........   100%        5    ######.


Dungeon Overview and Level Annotations

Branches:
Dungeon (10/15)            Temple (0/1) D:5
   Lair: D:8-11         Orc: D:9-12

Altars:
Ashenzari
Dithmenos
Fedhas
Nemelex Xobeh
Qazlal
Ru
Sif Muna
Uskayaw
Vehumet
Yredelemnul
Beogh
Lugonu

Shops:
D:4 *   D:5 *

Annotations:
D:8 3 runed translucent doors, Thargor's ghost, novice DEFE


Innate Abilities, Weirdness & Mutations

You have sharp toenails.
You are somewhat resistant to further mutation.
You are robust. (+10% HP)
You are covered in fur. (AC +1)


Message History

The ice beast hits you.
* * * LOW HITPOINT WARNING * * *
The ice beast freezes you!
* * * LOW HITPOINT WARNING * * *
You hear some strange, mumbled words.
A puff of flame appears from out of thin air!
The puff of flame hits you.
* * * LOW HITPOINT WARNING * * *
Okay, then.
You slice something!! Lugonu accepts your kill.
Reactivating autopickup.
You feel a bit more experienced.
You hit the ice beast.
The ice beast hits you but does no damage.
You closely miss the ice beast.
The ice beast is moderately wounded.
The ice beast hits you.
* * * LOW HITPOINT WARNING * * *
The ice beast freezes you!
You die...

##.##### ##...## ##..####
#.##.## ##.....# ##.....
#.#...####......## #####.
#........'.......## ##
###....###........### #.
##.#.# ##.........#####.
###.# ##.....##.....##
#####.######...#######...
#......Y@)###'##### ###.
#.###.#)..........# #.
#.....#.#..##.###.# #.
#..###........###.# #.
#..###..#......##.# #.
#...............#.# #.
##.###.........##.######.
#.###.###...............
#.........##.###########


You could see an ice beast.

Vanquished Creatures
  2 two-headed ogres (D:8)
  Psyche (D:8)
  2 kobold demonologists
  A troll (D:9)
  A hippogriff (D:7)
  A wyvern (D:8)
  5 yaks
  A hungry ghost (D:8)
  A warg (D:10)
  A water moccasin (D:9)
  2 black bears (D:7)
  An orc warrior (D:10)
  A necrophage (D:9)
  A sky beast (D:8)
  2 phantoms (D:6)
  An eye of draining (D:9)
  2 ogres
  6 centaurs
  14 big kobolds
  5 bullfrogs
  A wyvern zombie (D:8)
  A wyvern skeleton (D:9)
  5 scorpions
  12 killer bees
  11 wights
  4 howler monkeys
  6 crimson imps
  A quasit (D:8)
  6 hounds
  6 orc priests
  2 bullfrog skeletons
  A centaur skeleton (D:8)
  4 iguanas
  8 worker ants
  7 orc wizards
  A hound skeleton (D:6)
  A hound zombie (D:8)
  3 gnolls (D:7)
  13 adders
  A howler monkey skeleton (D:4)
  2 river rats (D:3)
  An ooze (D:1)
  3 dart slugs
  4 worms
  6 leopard geckos
  32 orcs
  8 bats
  3 giant cockroaches
  6 hobgoblins
  3 jackals (D:1)
  17 kobolds
  5 quokkas
  5 frilled lizards
  5 goblins
  10 rats
255 creatures vanquished.

Vanquished Creatures (others)
  A hydra (D:9)
1 creature vanquished.

Grand Total: 256 creatures vanquished

Notes
Turn   | Place    | Note
-------+----------+-------------------------------------------
     0 | Abyss:1  | Curus the Hill Orc Abyssal Knight began the quest for the
                  | Orb.
     0 | Abyss:1  | Reached XP level 1. HP: 19/19 MP: 2/2
    47 | Abyss:1  | Found a corrupted altar of Lugonu.
    50 | D:1      | Escaped the Abyss
    86 | D:1      | Reached skill level 3 in Axes
   108 | D:1      | Reached XP level 2. HP: 25/26 MP: 2/4
   365 | D:1      | Reached XP level 3. HP: 31/31 MP: 5/5
   525 | D:1      | Reached ** piety under Lugonu
   622 | D:1      | Reached skill level 4 in Axes
   927 | D:2      | Found a basalt altar of Yredelemnul.
  1058 | D:2      | Found a blossoming altar of Fedhas.
  1342 | D:2      | Found a shadowy altar of Dithmenos.
  1344 | D:2      | Found a radiant altar of Vehumet.
  1348 | D:2      | Found a sparkling altar of Nemelex Xobeh.
  1507 | D:3      | Reached XP level 4. HP: 32/39 MP: 7/7
  1511 | D:3      | Noticed a bullfrog
  1520 | D:3      | Killed a bullfrog
  1520 | D:3      | Reached skill level 5 in Axes
  1520 | D:3      | Reached skill level 5 in Invocations
  1520 | D:3      | Reached XP level 5. HP: 22/45 MP: 8/8
  2597 | D:3      | Found a sacrificial altar of Ru.
  2645 | D:4      | Found Gual's General Store.
  2649 | D:4      | Bought a scroll of remove curse for 33 gold pieces
  2649 | D:4      | Bought a potion of might for 44 gold pieces
  2812 | D:4      | Found a hide-covered altar of Uskayaw.
  2830 | D:4      | Reached skill level 6 in Axes
  2830 | D:4      | Reached XP level 6. HP: 14/51 MP: 10/10
  3308 | D:4      | Got an encrusted scale mail
  3319 | D:4      | Identified the +6 scale mail "Teluyq" {rCorr Int+2} (You
                  | found it on level 4 of the Dungeon)
  3535 | D:4      | Bought a scroll of enchant weapon for 82 gold pieces
  3636 | D:5      | Entered Level 5 of the Dungeon
  3636 | D:5      | Found Haynadof's Assorted Antiques.
  3652 | D:5      | Bought a sapphire potion for 19 gold pieces
  3652 | D:5      | Bought a coppery potion for 19 gold pieces
  3672 | D:5      | Reached skill level 7 in Axes
  3672 | D:5      | Reached XP level 7. HP: 57/57 MP: 12/12
  3768 | D:5      | Gained mutation: You have sharp toenails. [potion of
                  | mutation]
  3768 | D:5      | Gained mutation: You are covered in fur. (AC +1) [potion of
                  | mutation]
  3768 | D:5      | Gained mutation: You are robust. (+10% HP) [potion of
                  | mutation]
  3768 | D:5      | Gained mutation: You are somewhat resistant to further
                  | mutation. [potion of mutation]
  3862 | D:5      | Found a staircase to the Ecumenical Temple.
  4239 | D:5      | Found a stormy altar of Qazlal.
  4468 | D:6      | Reached skill level 8 in Axes
  4521 | D:6      | Reached *** piety under Lugonu
  4521 | D:6      | Reached XP level 8. HP: 63/70 MP: 14/14
  4596 | D:6      | Reached skill level 9 in Axes
  4742 | D:5      | Bought a shimmering brass ring for 110 gold pieces
  4743 | D:5      | Identified the ring of the Original Sin {Fire Int+4} (You
                  | bought it in a shop on level 5 of the Dungeon)
  4866 | D:6      | Got a bound brass ring
  4870 | D:6      | Identified the ring "Umiuclig" {rPois Int+4} (You found it
                  | on level 6 of the Dungeon)
  5123 | D:4      | Bought a scroll of enchant armour for 82 gold pieces
  5226 | D:7      | Reached skill level 10 in Axes
  5250 | D:7      | You fall into a shaft and drop 1 floor!
  5322 | D:8      | Noticed Psyche
  5327 | D:8      | Killed Psyche
  5327 | D:8      | Reached skill level 11 in Axes
  5327 | D:8      | Reached skill level 10 in Invocations
  5327 | D:8      | Reached XP level 9. HP: 26/77 MP: 16/16
  5641 | D:8      | Found a shimmering blue altar of Sif Muna.
  5777 | D:8      | Reached skill level 12 in Axes
  6256 | D:7      | Found a shattered altar of Ashenzari.
  6402 | D:7      | Reached skill level 13 in Axes
  6592 | D:7      | Reached **** piety under Lugonu
  6597 | D:7      | Found a roughly hewn altar of Beogh.
  6754 | D:8      | Reached XP level 10. HP: 63/84 MP: 18/18
  6795 | D:8      | Noticed a two-headed ogre
  6803 | D:8      | Killed a two-headed ogre
  6803 | D:8      | Reached skill level 14 in Axes
  6965 | D:8      | Found a runed translucent gate.
  6965 | D:8      | Found a runed translucent gate.
  6965 | D:8      | Found a runed translucent gate.
  6991 | D:8      | Noticed a two-headed ogre
  6999 | D:8      | Killed a two-headed ogre
  7062 | D:8      | Reached skill level 15 in Axes
  7190 | D:8      | Noticed Thargor's ghost (novice DEFE)
  7286 | D:8      | Noticed a kobold demonologist
  7296 | D:8      | Killed a kobold demonologist
  7450 | D:9      | Reached XP level 11. HP: 90/90 MP: 20/20
  7502 | D:9      | Noticed a four-headed hydra
  7503 | D:9      | Banished a four-headed hydra
  7503 | D:9      | Reached skill level 16 in Axes
  7634 | D:9      | Reached ***** piety under Lugonu
  8703 | D:9      | Reached skill level 17 in Axes
  9003 | D:10     | Entered Level 10 of the Dungeon
  9076 | D:9      | Slain by an ice beast

Levels and vault maps discovered:
D:1:      dpeg_arrival_ternary, layout_loops_ring
D:2:      layout_basic, fedhas_altar_2, yredelemnul_altar_generic, minitemple,
          grunt_ministairs_14, minmay_misc_feat_tiny, columned_hall_lemuel
D:3:      layout_basic, nicolae_ru_path_of_blood, gup_sewer_entry_spiral,
          first_ration
D:4:      layout_loops_corners, old_standard_altar, serial_shops, shop
D:5:      layout_loops_cross, kennysheep_little_box, minmay_temple_entry_waves,
          serial_shops, shop
D:6:      layout_loops_ring
D:7:      layout_rooms, ashenzari_conservatory_becter, david_defended_altar_orc
D:8:      nicolae_whirlpool, layout_loops_ring, led_sif_pool, enter_bailey_2,
          special_room [special_room_kobold], gammafunk_ghost_icy,
          ebering_dispersal_statue_hall, uniq_psyche
D:9:      minmay_the_grid_plus_closed [minmay_the_grid_spikes,
          minmay_the_grid_diamond_grid, minmay_the_grid_medium_cups,
          minmay_the_grid_fan, minmay_the_grid_prize_inner_circle],
          layout_loops_corners
D:10:     layout_roguey, erik_orc_4

Skill      XL: |  1  2  3  4  5  6  7  8  9 10 11 |
---------------+----------------------------------+-----
Axes           | 3 4 5 6 7 8 11 13 15 17 | 17.3
Invocations    | 3 4 5 6 8 10 11 12 13 | 13.3
Fighting       | |  3.6
Armour         | |  2.1
Dodging        | |  0.7

Action                   |  1- 3 |  4- 6 |  7- 9 | 10-12 || total
-------------------------+-------+-------+-------+-------++-------
Melee: Hand axe          |   110 |   183 |    99 |       ||   392
       Kick              |       |       |     4 |       ||     4
       Battleaxe         |       |       |   181 |   308 ||   489
Invok: Banish            |       |       |       |     1 ||     1
  Use: Scroll            |     5 |     4 |     7 |     3 ||    19
       Potion            |     5 |     2 |     6 |       ||    13
  Eat: Chunk             |     2 |     2 |     4 |     4 ||    12
       Ration            |       |     2 |     5 |     1 ||     8
Armor: Leather armour    |    26 |       |       |       ||    26
       Scale mail        |     3 |    38 |       |       ||    41
       Chain mail        |       |    12 |   269 |   216 ||   497
Dodge: Dodged            |    74 |   105 |   125 |   101 ||   405
